 Dungeon Crawl Stone Soup version 0.21.1-1-g345015f (webtiles) character file.

399 inc the Changer (level 6, -10/45 HPs)
             Began as an Octopode Transmuter on June 11, 2018.
             Mangled by Menkaure (23 damage)
             ... on level 4 of the Dungeon.
             The game lasted 00:03:48 (3554 turns).

inc the Changer (Octopode Transmuter)               Turns: 3554, Time: 00:03:49

Health: -10/45     AC:  6    Str:  9    XL:     6   Next: 84%
Magic:  5/9        EV: 10    Int: 17    God:
Gold:   251        SH:  0    Dex: 13    Spells: 1/9 levels left

rFire    x . .     SeeInvis .     - Unarmed
rCold    + + +     Gourm    .   (shield currently unavailable)
rNeg     . . .     Faith    .   (helmet currently unavailable)
rPois    +         Spirit   .   (no amulet)
rElec    .         Reflect  .   (no ring)
rCorr    .         Harm     .   (no ring)
MR       .....                  (no ring)
Stlth    +.........             (no ring)
HPRegen  0.15/turn              (no ring)
MPRegen  0.11/turn              (no ring)
                                (no ring)
                                (no ring)

@: ice-form
A: large, almost no armour, stealthy swim, amphibious, 8 rings, (constrict 8)
a: End Transformation


You were on level 4 of the Dungeon.
You were not hungry.
You were a creature of crystalline ice.
You visited 1 branch of the dungeon, and saw 4 of its levels.

You collected 251 gold pieces.

Inventory:

Missiles
 a - 95 arrows
Jewellery
 o - an uncursed ring of ice {unknown}
 s - a cursed ring of loudness {unknown}
Wands
 t - a wand of acid (6)
Scrolls
 e - 4 scrolls of identify
 f - a scroll of amnesia {unknown}
 h - 2 scrolls of enchant armour {unknown}
 j - a scroll of fog {unknown}
 k - 3 scrolls of immolation {unknown}
 l - a scroll of blinking {unknown}
 m - a scroll of magic mapping {unknown}
 n - 2 scrolls of teleportation {unknown}
Potions
 d - 2 potions of brilliance {unknown}
 g - a potion of lignification
 i - 2 potions of curing {unknown}
 p - 2 potions of heal wounds {unknown}
 q - a potion of berserk rage {unknown}
 r - 2 potions of mutation {unknown}
Books
 b - a book of Changes

   Spells                             Type                      Level
   a - Beastly Appendage              Transmutation                1
   b - Sticks to Snakes               Transmutation                2
   c - Spider Form                    Transmutation/Poison         3
   d - Ice Form                       Ice/Transmutation            4
   e - Blade Hands                    Transmutation                5
Comestibles
 c - 5 rations
 u - 2 chunks of flesh


   Skills:
 - Level 1.0 Fighting
 - Level 2.6 Dodging
 - Level 3.0 Unarmed Combat
 - Level 2.0 Spellcasting
 - Level 6.6 Transmutations
 + Level 1.3 Ice Magic


You had one spell level left.
You knew the following spells:

 Your Spells              Type           Power        Failure   Level  Hunger
a - Beastly Appendage     Tmut           ###...       1%          1    #......
b - Spider Form           Tmut/Pois      ##........   16%         3    ###....
c - Ice Form              Ice/Tmut       ###.....     36%         4    #####..


Dungeon Overview and Level Annotations

Branches:
Dungeon (4/15)
 Temple: D:4-7

Altars:
Makhleb
Zin

Annotations:
D:4 Menkaure


Innate Abilities, Weirdness & Mutations

You cannot wear most types of armour.
You are very stealthy in the water. (Stealth+)
You are amphibious.
You can wear up to eight rings at the same time.
((You can use your tentacles to constrict eight enemies at once.))
((Your skin changes colour to match your surroundings (Stealth+).))
((Your rubbery body absorbs attacks. (AC +1, EV +1)))


Message History

Menkaure shouts!
Menkaure casts a spell.
Menkaure seems to speed up.
Menkaure gestures at you while chanting.
Pain shoots through your body!
Casting: Beastly Appendage
Confirm with . or Enter, or press ? or * to list all spells.
You turn into a creature of crystalline ice.
Menkaure calls on the powers of darkness!
Your body is wracked with pain!
You punch Menkaure! You freeze Menkaure.
Menkaure is moderately damaged.
Menkaure points at you and mumbles some strange words.
Pain shoots through your body!
* * * LOW HITPOINT WARNING * * *
You hit Menkaure. You freeze Menkaure.
Menkaure is severely damaged.
Menkaure hits you!!
Ouch! That really hurt!
You die...

##.....###.##'###
#......####.....###
#......##2#_..._#A#
#......####.....###
#......####..+###
#........###...#
####........##...#
..#..........#..##
..(.........MY.##
.##..........###
#..........#
#..........# .
##........## .#
##......##
..########.(###
#..#..####...###
#.............########


You could see Menkaure.

Vanquished Creatures
  The ghost of Ramesses the Stinger, an amateur MfVM of Gozag (D:3)
  A scorpion (D:4)
  A hound (D:3)
  A worker ant (D:4)
  5 adders
  An ooze (D:2)
  2 worms (D:2)
  3 dart slugs
  4 leopard geckos
  An orc (D:3)
  2 giant cockroaches
  4 goblins
  4 hobgoblins
  2 quokkas (D:3)
  6 bats
  5 frilled lizards
  8 kobolds
  4 rats
55 creatures vanquished.

Notes
Turn   | Place    | Note
-------+----------+-------------------------------------------
     0 | D:1      | inc the Octopode Transmuter began the quest for the Orb.
     0 | D:1      | Reached XP level 1. HP: 13/13 MP: 3/3
   115 | D:1      | Reached XP level 2. HP: 18/18 MP: 5/5
   702 | D:2      | Reached XP level 3. HP: 12/23 MP: 6/6
   895 | D:2      | Reached skill level 3 in Transmutations
  1141 | D:2      | Found a faded altar of an unknown god.
  1537 | D:2      | Reached XP level 4. HP: 28/28 MP: 7/7
  1821 | D:2      | Reached skill level 4 in Transmutations
  2352 | D:3      | Noticed Ramesses's ghost (amateur MfVM)
  2457 | D:3      | Killed Ramesses's ghost
  2457 | D:3      | Reached skill level 6 in Transmutations
  2457 | D:3      | Reached XP level 5. HP: 33/33 MP: 8/8
  2457 | D:3      | Reached XP level 6. HP: 38/38 MP: 9/9
  3142 | D:4      | Learned a level 3 spell: Spider Form
  3329 | D:4      | Learned a level 4 spell: Ice Form
  3406 | D:4      | Reached skill level 1 in Ice Magic
  3524 | D:4      | Found a glowing silver altar of Zin.
  3524 | D:4      | Found a burning altar of Makhleb.
  3525 | D:4      | Noticed a balrug
  3525 | D:4      | Noticed an angel
  3539 | D:4      | Noticed Menkaure
  3554 | D:4      | Mangled by Menkaure

Skill      XL: |  1  2  3  4  5  6 |
---------------+-------------------+-----
Transmutations | 3 6 |  6.6
Ice Magic      | 1 |  1.3
Fighting       | |  1.0
Dodging        | |  2.6
Unarmed Combat | |  3.0
Spellcasting   | |  2.0

Action                   |  1- 3 |  4- 6 || total
-------------------------+-------+-------++-------
Melee: Unarmed           |    79 |    69 ||   148
       Constrict         |    16 |    14 ||    30
       Tentacles         |    11 |    15 ||    26
       Punch             |     1 |     2 ||     3
       Kick              |       |     3 ||     3
 Cast: Ice Form          |       |     1 ||     1
       Beastly Appendage |       |     1 ||     1
  Use: Scroll            |       |     1 ||     1
       Potion            |       |     1 ||     1
 Stab: Sleeping          |     5 |     5 ||    10
  Eat: Chunk             |     2 |     3 ||     5
       Ration            |       |     1 ||     1
Armor: Skin              |     2 |    14 ||    16
Dodge: Dodged            |    57 |    42 ||    99
